 Dungeon Crawl Stone Soup version 0.18.1-48-g4cf74bf (webtiles) character file.

37 meme the Vexing (level 3, 0/17 HPs)
             Began as a Spriggan Arcane Marksman on July 10, 2016.
             Succumbed to an adder's poison
             ... on level 1 of the Dungeon.
             The game lasted 00:09:44 (594 turns).

meme the Vexing (Spriggan Arcane Marksman)           Turns: 594, Time: 00:09:45

Health: 0/17       AC:  2    Str:  8    XL:     3   Next: 21%
Magic:  5/7        EV: 17    Int: 14    God:
Gold:   50         SH:  0    Dex: 15    Spells: 1 memorised, 5 levels left

rFire  + . .     SeeInvis +     o - +0 whip
rCold  + . .     Gourm    .     a - +0 robe
rNeg   . . .     Faith    .     (shield restricted)
rPois  +         Spirit   .     (helmet restricted)
rElec  +         Dismiss  .     (no cloak)
rCorr  +         Reflect  .     (gloves unavailable)
SustAt .         Harm     .     (boots unavailable)
MR     +....                    (no amulet)
Stlth  +.........               (no ring)
                                (no ring)

@: lethally poisoned (0 -> -4), about to teleport, resistant, drained, very
quick, somewhat resistant to hostile enchantments, very unstealthy
A: unfitting armour, see invisible, deterioration 1, herbivore 3, speed 3, magic
resistance 1, screaming 1, slow metabolism 2
a: no special abilities


You were on level 1 of the Dungeon.
You were not hungry.

You visited 1 branch of the dungeon, and saw 1 of its levels.

You collected 50 gold pieces.

Inventory:

Hand Weapons
 o - a +0 whip (weapon)
Missiles
 c - 3 tomahawks (quivered)
 d - 2 throwing nets
 n - 22 poisoned needles
Armour
 a - a +0 robe (worn)
Jewellery
 l - an uncursed amulet of harm
Scrolls
 g - a scroll of immolation {unknown}
 h - a scroll of identify {unknown}
 i - a scroll of blinking {unknown}
Potions
 e - a potion of resistance
Books
 b - a book of Debilitation

   Spells                             Type                      Level
   a - Corona                         Hexes                        1
   b - Slow                           Hexes                        2
   c - Gell's Gravitas                Hexes/Translocation          3
   d - Inner Flame                    Hexes/Fire                   3
   e - Cause Fear                     Hexes                        4
   f - Leda's Liquefaction            Hexes/Earth                  4
Comestibles
 f - 3 bread rations
 j - a royal jelly


   Skills:
 + Level 0.8(0.0) Fighting
 + Level 2.4(1.3) Throwing
 + Level 3.6(2.4) Dodging
 + Level 0.4(0.0) Stealth
 + Level 2.2(1.1) Spellcasting
 + Level 4.1(2.9) Hexes


You had 5 spell levels left.
You knew the following spells:

 Your Spells              Type           Power        Failure   Level  Hunger
a - Corona                Hex            #......      10%         1    ##.....


Dungeon Overview and Level Annotations

Branches:
Dungeon (1/15)

Altars:
Okawaru


Innate Abilities, Weirdness & Mutations

You are tiny and cannot use many weapons and most armour.
You have supernaturally acute eyesight.
You are a herbivore.
You cover ground extremely quickly.
You need consume almost no food.
Your body sometimes deteriorates upon taking damage.
You are resistant to hostile enchantments.
You occasionally shout uncontrollably at your foes.


Message History

You kill the giant cockroach!
* * * LOW HITPOINT WARNING * * *
You feel sick.
You see here 2 tomahawks.
Put on which piece of jewellery? (? for menu, Esc to quit)
l - an amulet of harm (around neck) There's nothing to open nearby.
Take off which item? (? for menu, Esc to quit)
Okay, then.
You are a level 3 Spriggan Arcane Marksman.
You are 21% of the way to level 4.
Play time: 00:09:07 (592 turns) Really remove
l - an amulet of harm?
You remove your amulet of harm.
The amulet rips away your life force as you remove it!
You feel drained.
Read which item? (? for menu, Esc to quit)
As you read the scroll labeled SUTSON MINLIEH, it crumbles to dust.
You feel strangely unstable.
It was a scroll of teleportation.
You die...

.. .l.# #..# .###################
#..# #.#..†@.>......#.....
###..######.#.####.#.###.#...#
.....[......#.# #.#...#...#.###
............#.####.#...#P....#P#.
............#.#....#...≈≈≈≈≈≈≈≈..
.......#....#.#.####..♣≈≈≈P≈≈≈≈≈.
###...###...#.#....#..P≈.≈≈≈≈.≈≈.
#............#.#.##.♣≈.≈≈≈≈≈≈♣≈♣
#..#.).).#.....#.##...≈.≈≈≈≈≈≈P.


There were no monsters in sight!

Vanquished Creatures
  An adder (D:1)
  A dart slug (D:1)
  A giant gecko (D:1)
  2 giant cockroaches (D:1)
  2 goblins (D:1)
  A hobgoblin (D:1)
  5 jackals (D:1)
  3 bats (D:1)
  A giant newt (D:1)
  3 kobolds (D:1)
  6 rats (D:1)
26 creatures vanquished.

Notes
Turn   | Place    | Note
--------------------------------------------------------------
     0 | D:1      | meme the Spriggan Arcane Marksman began the quest for the Orb.
     0 | D:1      | Reached XP level 1. HP: 9/9 MP: 3/3
    38 | D:1      | Found an iron altar of Okawaru.
   107 | D:1      | Reached XP level 2. HP: 14/14 MP: 1/5
   514 | D:1      | Reached skill level 4 in Hexes
   581 | D:1      | Gained mutation: Your body sometimes deteriorates upon taking damage. [potion of mutation]
   581 | D:1      | Gained mutation: You are resistant to hostile enchantments. [potion of mutation]
   581 | D:1      | Gained mutation: You occasionally shout uncontrollably at your foes. [potion of mutation]
   583 | D:1      | Reached XP level 3. HP: 3/17 MP: 5/7
   594 | D:1      | Succumbed to an adder's poison

Skill      XL: |  1  2 |
---------------+-------+-----
Spellcasting   | 2 |  2.2
Hexes          | 4 |  4.1
Fighting       | |  0.8
Throwing       | |  2.4
Dodging        | |  3.6
Stealth        | |  0.4

Action                   || total
-------------------------++-------
Melee: Unarmed           ||    14
       Whip              ||    27
Throw: Tomahawk          ||    45
 Cast: Corona            ||    22
  Use: Potion            ||     2
       Scroll            ||     1
Armor: Robe              ||     7
Dodge: Dodged            ||    60
